 Dungeon Crawl Stone Soup version 0.31-a0-1300-gb6740aa4e6 (webtiles) character file.

Game seed: 16659541860422667996

74 IdlyInterested the Ducker (level 4, -7/34 (35) HPs)
             Began as a Demonspawn Gladiator on Dec 18, 2023.
             Mangled by Crazy Yiuf
             ... wielding a +4 quarterstaff of chaos
              (12 damage)
             ... on level 2 of the Dungeon.
             The game lasted 00:04:13 (2048 turns).

IdlyInterested the Ducker (Demonspawn Gladiator)    Turns: 2048, Time: 00:04:14

HP:   -7/34 (35)    AC: 11    Str: 15    XL:     4   Next: 9%
MP:   4/4           EV: 13    Int: 10    God:
Gold: 80            SH:  0    Dex: 14    Spells: 3/3 levels left

rFire   . . .        u - +1 rapier (drain)
rCold   . . .        (no shield)
rNeg    . . .        q - +0 chain mail {Will+}
rPois   .            c - +0 helmet
rElec   .            (no cloak)
rCorr   .            (no gloves)
SInv    .            k - +0 pair of boots
Will    +....        (no amulet) Stlth
                     v - +5 ring of evasion
HPRegen 0.25/turn    (no ring)
MPRegen 0.09/turn

%: no passive effects
@: mighty, lightly drained
A: demonic touch 2
a: no special abilities


You were on level 2 of the Dungeon.
You visited 1 branch of the dungeon, and saw 2 of its levels.

You collected 80 gold pieces.

Inventory:

Hand Weapons
 a - a +0 quarterstaff
 f - a +0 mace
 g - a +0 spear
 t - a +0 short sword
 u - a +1 rapier of draining (weapon)
 w - a +0 long sword
Missiles
 d - 3 throwing nets
 e - a javelin
 l - 8 stones
 o - 7 poisoned darts (quivered)
Armour
 c - a +0 helmet (worn)
 k - a +0 pair of boots (worn)
 q - a +0 chain mail of willpower (worn)
Jewellery
 v - a +5 ring of evasion (left hand)
Scrolls
 b - a scroll of teleportation
 i - a scroll of brand weapon
 m - a scroll of immolation {unknown}
 n - a scroll of fear {unknown}
 p - 4 scrolls of fog {unknown}
 y - a scroll of vulnerability {unknown}
Potions
 h - a potion of haste {unknown}
 r - a potion of heal wounds {unknown}
 s - a potion of berserk rage {unknown}
 x - a potion of curing {unknown}


   Skills:
 + Level 3.0 Fighting
 - Level 2.6 Staves
 - Level 1.7 Throwing
 * Level 2.3 Armour
 - Level 3.0 Dodging


You had 3 spell levels left.
You didn't know any spells.
Your spell library contained the following spells:

 Spells                   Type           Power      Damage    Failure   Level
 Slow                     Hex            0%         N/A       99%         1
 Confusing Touch          Hex            0%         N/A       100%        3
 Sigil of Binding         Hex            0%         N/A       100%        3
 Vampiric Draining        Necr           0%         2d6       100%        3


Dungeon Overview and Level Annotations

Branches:
Dungeon (2/15)

Altars:

Annotations:
D:2 Crazy Yiuf


Innate Abilities, Weirdness & Mutations

Your touch may inflict irresistible damage on your foes.


Message History

The fungus is lightly damaged.
You hit the fungus.
The fungus is lightly damaged.
You hit the fungus but do no damage.
The fungus is lightly damaged.
You hit the fungus. You drain the fungus.
The fungus is lightly damaged.
A nearby fungus withers and dies.
Found a hammer.
Found a runed translucent door.
Crazy Yiuf shouts!
As you open the door, it creaks loudly!
You hit Crazy Yiuf. Your touch misses Crazy Yiuf.
Crazy Yiuf is moderately wounded.
Crazy Yiuf hits you with a +4 quarterstaff of chaos!
Crazy Yiuf freezes you.
You puncture Crazy Yiuf!
Crazy Yiuf is severely wounded.
Crazy Yiuf says, "Spliff bag Hive!"
Crazy Yiuf hits you with a +4 quarterstaff of chaos.
You feel drained.
You barely miss Crazy Yiuf.
Crazy Yiuf is severely wounded.
Crazy Yiuf cries, "Hack cower mobile!"
Crazy Yiuf hits you with a +4 quarterstaff of chaos.
You feel very mighty all of a sudden.
You closely miss Crazy Yiuf.
Crazy Yiuf is severely wounded.
Crazy Yiuf screams, "Castle koolooloo toodlewoodle!"
Crazy Yiuf hits you with a +4 quarterstaff of chaos!
* * * LOW HITPOINT WARNING * * *
Crazy Yiuf burns you.
* * * LOW HITPOINT WARNING * * *
Crazy Yiuf hits you with a +4 quarterstaff of chaos.
* * * LOW HITPOINT WARNING * * *
You convulse.
* * * LOW HITPOINT WARNING * * *
You closely miss Crazy Yiuf. Your touch misses Crazy Yiuf.
Crazy Yiuf is severely wounded.
Crazy Yiuf hits you with a +4 quarterstaff of chaos!
You die...

######...######'..+###
#.#### ##.....##
#....# #.####
##.......# ♣♣.PP♣
#.##.# ###<.).....#
♣.P.♣ #######.#...
..'........# ♣♣.♣♣
#...........
###........# ♣♣.♣
#######.#...
##.......# ♣.♣♣
#........# ##.....##
♣♣.♣ #.###.##.#
##...## ♣@♣♣
#........# ##'## #g#
#.###.##.# ##### #.#
... #.# #.##.# ....#
#.# #...# #.###.##.#
###.###.## #)..#
#........#
###.##...### #####
#........#
.##.#......#
#####.####
.##.##...#.# #.....
.##.###.##.# ######


You could see Crazy Yiuf.

Vanquished Creatures
  Natasha (D:2)
  2 adders (D:2)
  A bat (D:2)
  4 endoplasms
  A giant cockroach (D:1)
  3 goblins
  A hobgoblin (D:1)
  2 jackals (D:2)
  2 quokkas (D:1)
  6 ball pythons
  3 kobolds (D:2)
  3 rats
29 creatures vanquished.

Notes
Turn   | Place    | Note
-------+----------+-------------------------------------------
     0 | D:1      | IdlyInterested the Demonspawn Gladiator began the quest for
                  | the Orb.
     0 | D:1      | Reached XP level 1. HP: 16/16 MP: 1/1
   272 | D:1      | Gained mutation: Your touch may inflict minor irresistible
                  | damage on your foes. [demonic ancestry]
   272 | D:1      | Reached XP level 2. HP: 18/22 MP: 2/2
  1094 | D:2      | Reached skill level 1 in Armour
  1309 | D:2      | Gained mutation: Your touch may inflict irresistible damage
                  | on your foes. [demonic ancestry]
  1309 | D:2      | Reached XP level 3. HP: 23/28 MP: 3/3
  1615 | D:2      | Noticed Natasha
  1622 | D:2      | Killed Natasha
  1871 | D:2      | Reached XP level 4. HP: 35/35 MP: 4/4
  2039 | D:2      | Found a runed translucent door.
  2040 | D:2      | Noticed Crazy Yiuf
  2048 | D:2      | Mangled by Crazy Yiuf

Illustrated notes

Levels and vault maps discovered:
D:1:      beargit_arrival_diablo_church, layout_basic
D:2:      layout_loops_corners, hangedman_decor_push, uniq_crazy_yiuf_cottage,
          uniq_natasha

Skill      XL: |  1  2  3 |
---------------+----------+-----
Dodging        | 3 |  3.0
Armour         | 1 2 |  2.3
Fighting       | 3 |  3.0
Staves         | |  2.6
Throwing       | |  1.7

Action                     |  1- 3 |  4- 6 || total
---------------------------+-------+-------++-------
  Melee: Quarterstaff      |    15 |       ||    15
         Spear             |    75 |       ||    75
         Touch             |     9 |     1 ||    10
         Punch             |     1 |       ||     1
         Rapier            |       |    14 ||    14
    Use: Scroll            |     2 |       ||     2
 Armour: Ring mail         |    27 |       ||    27
         Chain mail        |    24 |     6 ||    30
  Dodge: Dodged            |    50 |       ||    50

Table legend: (Time is in decaauts)
 A = Elapsed time spent in this place.
 B = Non-inter-level travel time spent in this place.
 C = Inter-level travel time spent in this place.
 D = Time resting spent in this place.
 E = Time spent auto-exploring this place.
 F = Levels seen in this place.
 G = Mean time per level.
                   A        B        C        D        E       F      G
               +--------+--------+--------+--------+--------+-----+--------+
         Total |   2053 |   1987 |     66 |     31 |   1545 |   2 | 1026.5 |
       Dungeon |   2053 |   1987 |     66 |     31 |   1545 |   2 | 1026.5 |
               +--------+--------+--------+--------+--------+-----+--------+

Top non-repeatable levels by time:
     D:1: 1073 daAuts
     D:2: 979 daAuts
